 Dungeon Crawl Stone Soup version 0.30-a0-622-gddc90eaa04 (webtiles) character file.

Game seed: 5966065740420902808

545 Mitcholas the Shooter (level 7, -4/60 HPs)
             Began as a Minotaur Hunter on Jan 10, 2023.
             Slain by a water moccasin (7 damage)
             ... on level 4 of the Dungeon.
             The game lasted 00:10:26 (3397 turns).

Mitcholas the Shooter (Minotaur Hunter)             Turns: 3397, Time: 00:10:26

Health: -4/60      AC:  4    Str: 15    XL:     7   Next: 6%
Magic:  6/6        EV: 13    Int:  6    God:
Gold:   144        SH:  0    Dex: 16    Spells: 6/6 levels left

rFire   . . .      SeeInvis +    a - +1 shortbow
rCold   . . .      Faith    .    (shield currently unavailable)
rNeg    . . .      Spirit   .    c - +0 leather armour
rPois   .          Reflect  .    (helmet restricted)
rElec   .          Harm     .    l - +0 cloak
rCorr   .          Rampage  .    (no gloves)
Will    .....                    (no boots)
Stlth   ++                       (no amulet)
HPRegen 0.30/turn                k - ring of see invisible
MPRegen 0.10/turn                (no ring)

@: lethally poisoned (-4 -> -11)
A: horns 2, retaliatory headbutt
a: no special abilities


You were on level 4 of the Dungeon.
You visited 1 branch of the dungeon, and saw 5 of its levels.

You collected 144 gold pieces.

Inventory:

Hand Weapons
 a - a +1 shortbow (weapon)
Missiles
 g - 4 poisoned darts
Armour
 c - a +0 leather armour (worn)
 l - a +0 cloak (worn)
Jewellery
 k - a ring of see invisible (left hand)
Scrolls
 b - 3 scrolls of immolation
 h - a scroll of blinking
 i - a scroll of enchant weapon
 j - a scroll of identify
 s - a scroll of teleportation
Potions
 d - 3 potions of curing
 e - a potion of might {unknown}
 f - 2 potions of attraction {unknown}
 m - 2 potions of brilliance {unknown}
 p - a potion of cancellation {unknown}
 r - a potion of lignification {unknown}
 t - a potion of degeneration {unknown}


   Skills:
 + Level 4.8 Fighting
 * Level 7.0 Ranged Weapons
 + Level 2.3 Armour
 + Level 4.4 Dodging
 - Level 1.0 Stealth


You had 6 spell levels left.
You didn't know any spells.
Your spell library contained the following spells:

 Spells                   Type           Power      Damage    Failure   Level
 Foxfire                  Conj/Fire      0%         2x1d4     52%         1
 Blink                    Tloc           0%         N/A       67%         2
 Momentum Strike          Conj/Tloc      0%         3d8       67%         2
 Lesser Beckoning         Tloc           0%         N/A       88%         3
 Portal Projectile        Hex/Tloc       0%         N/A       88%         3
 Tukima's Dance           Hex            0%         N/A       88%         3
 Blade Hands              Tmut           0%         N/A       100%        5
 Fireball                 Conj/Fire      0%         3d3       100%        5
 Starburst                Conj/Fire      0%         6d3       100%        6


Dungeon Overview and Level Annotations

Branches:
Dungeon (5/15)
 Temple: D:4-7

Altars:
Yredelemnul

Shops:
D:2 ((:*

Annotations:
D:3 4 runed translucent doors, Crazy Yiuf; drugrobin's ghost, weakling DgDe


Innate Abilities, Weirdness & Mutations

You have a pair of horns on your head.
You reflexively headbutt those who attack you in melee.


Message History

The water moccasin poisons you! The water moccasin bites you!
You are more poisoned.
The water moccasin poisons you!
You shoot an arrow.
The arrow closely misses the water moccasin.
You feel extremely sick. The water moccasin barely misses you.
The iguana barely misses you. The water moccasin closely misses you.
You feel very sick. The water moccasin barely misses you.
The iguana barely misses you.
You climb upwards.
You feel extremely sick.
There is a stone staircase leading down here.
You are too injured to fight recklessly!
You are too injured to fight recklessly!
You are too injured to fight recklessly!
You are too injured to fight recklessly!
You are too injured to fight recklessly!
You are too injured to fight recklessly!
You are too injured to fight recklessly!
Fire: a) +1 shortbow
Press: ? - help, Q - select action, (/) - cycle Shift-Dir - straight line, f - water moccasin
Aim: a water moccasin (51% to hit)
You shoot an arrow. The arrow hits the water moccasin.
The water moccasin is lightly wounded.
You feel very sick. The water moccasin barely misses you.
The iguana misses you.
The water moccasin bites you but does no damage.
Fire: a) +1 shortbow
Press: ? - help, Q - select action, (/) - cycle Shift-Dir - straight line, f/p - water moccasin
Aim: a water moccasin (lightly wounded, 51% to hit)
You shoot an arrow.
The arrow closely misses the water moccasin.
You feel very sick. The water moccasin bites you!
* * * LOW HITPOINT WARNING * * *
The iguana bites you.
* * * LOW HITPOINT WARNING * * *
The water moccasin bites you!
You die...

#..........# #.#....
#..........# #.#.##.
#..........######.#.##.
#..........'......#.##.
#..........#####....##.
#..........# #.#####.
#..........# ##.#.....
#....S.....# #........
#.....@....#######.##.#
##+#.l.........#....#.#
####+##########.##...##.#
#........# #.##....#.#
#........# #.##.#..#.#
#........# #.##.#..#..
#...)....# #....#.####
#..).....# ########
#.......##


You could see a water moccasin and an iguana.

Vanquished Creatures
  A black bear (D:4)
  An ogre (D:4)
  A scorpion (D:4)
  A hound (D:5)
  2 jellies
  4 orc wizards (D:4)
  2 adders
  An ufetubus (D:3)
  A worm (D:4)
  2 dart slugs
  8 orcs (D:4)
  12 ball pythons
  3 bats (D:1)
  12 endoplasms
  3 giant cockroaches
  11 goblins
  6 hobgoblins
  5 kobolds
  3 quokkas
  3 frilled lizards (D:1)
  5 rats
87 creatures vanquished.

Vanquished Creatures (others)
  2 fungi (D:3)
  3 plants
  A withered plant (D:1)
6 creatures vanquished.

Grand Total: 93 creatures vanquished

Notes
Turn   | Place    | Note
-------+----------+-------------------------------------------
     0 | D:1      | Mitcholas the Minotaur Hunter began the quest for the Orb.
     0 | D:1      | Reached XP level 1. HP: 18/18 MP: 0/0
    52 | D:1      | Reached skill level 1 in Stealth
   129 | D:1      | Reached XP level 2. HP: 25/25 MP: 1/1
   533 | D:1      | Reached XP level 3. HP: 31/31 MP: 2/2
   541 | D:1      | Reached skill level 5 in Ranged Weapons
   638 | D:1      | Found a faded altar of an unknown god.
   957 | D:2      | Found Fubuon's Antique Weapon Shoppe.
  1002 | D:2      | Found Bezobeh's Assorted Antiques.
  1055 | D:2      | Reached XP level 4. HP: 28/38 MP: 3/3
  1111 | D:2      | Found Tamaz's Book Emporium.
  1141 | D:2      | Found a basalt altar of Yredelemnul.
  1339 | D:2      | Found Tidem's Weapon Shoppe.
  1719 | D:3      | Found a runed translucent door.
  1720 | D:3      | Noticed Crazy Yiuf
  1898 | D:3      | Found a runed translucent gate.
  1898 | D:3      | Found a runed translucent gate.
  1898 | D:3      | Found a runed translucent gate.
  1900 | D:3      | Noticed a kobold brigand
  1902 | D:3      | Noticed drugrobin's ghost (weakling DgDe)
  2150 | D:4      | Reached XP level 5. HP: 38/46 MP: 4/4
  2190 | D:4      | Reached skill level 6 in Ranged Weapons
  2253 | D:4      | Noticed an ogre
  2259 | D:4      | Killed an ogre
  2260 | D:4      | Reached skill level 1 in Armour
  2260 | D:4      | Reached XP level 6. HP: 37/52 MP: 5/5
  2926 | D:4      | Reached skill level 7 in Ranged Weapons
  3284 | D:5      | Entered Level 5 of the Dungeon
  3355 | D:5      | Noticed an ice beast
  3360 | D:5      | Reached XP level 7. HP: 40/60 MP: 6/6
  3397 | D:4      | HP: 3/60 [iguana (4)]
  3397 | D:4      | Slain by a water moccasin

Illustrated notes

Levels and vault maps discovered:
D:1:      minmay_arrival_three_doors, layout_loops_ring,
          shapermc_ecumenical_altar_flowoftime
D:2:      layout_basic, basic_altar, serial_shops, shop,
          nicolae_shop_advertising_works [nicolae_subvault_shop_adworks], shop,
          nicolae_lakefront_shop, kennysheep_nondescript
D:3:      layout_rooms, gammafunk_ghost_nasty_kobolds, uniq_crazy_yiuf_cottage
D:4:      layout_basic
D:5:      minmay_angry_zag, layout_basic, portal_sewer_entry_a

Skill      XL: |  1  2  3  4  5  6 |
---------------+-------------------+-----
Stealth        | 1 |  1.0
Fighting       | 3 4 |  4.8
Ranged Weapons | 5 6 7 |  7.0
Dodging        | 3 4 |  4.4
Armour         | 1 2 |  2.3

Action                   |  1- 3 |  4- 6 |  7- 9 || total
-------------------------+-------+-------+-------++-------
Melee: Shortbow          |       |     1 |       ||     1
 Fire: Shortbow          |   107 |   150 |     9 ||   266
  Use: Scroll            |       |     7 |       ||     7
Armor: Leather armour    |    12 |    11 |     1 ||    24
Dodge: Dodged            |    40 |    38 |    10 ||    88

Table legend: (Time is in decaauts)
 A = Elapsed time spent in this place.
 B = Non-inter-level travel time spent in this place.
 C = Inter-level travel time spent in this place.
 D = Time resting spent in this place.
 E = Time spent auto-exploring this place.
 F = Levels seen in this place.
 G = Mean time per level.
                   A        B        C        D        E       F      G
               +--------+--------+--------+--------+--------+-----+--------+
         Total |   3465 |   3306 |    159 |    215 |   2533 |   5 |  693.0 |
       Dungeon |   3465 |   3306 |    159 |    215 |   2533 |   5 |  693.0 |
               +--------+--------+--------+--------+--------+-----+--------+

Top non-repeatable levels by time:
     D:4: 1282 daAuts
     D:1: 872 daAuts
     D:2: 741 daAuts
     D:3: 530 daAuts
     D:5: 38 daAuts
